 Dungeon Crawl Stone Soup version 0.27-a0-1579-g97d2440184 (webtiles) character file.

Game seed: 2308582747857803486

2658 bobarctor the Thaumaturge (level 9, -2/47 HPs)
             Began as a Deep Elf Necromancer on July 16, 2021.
             Was a Follower of Kikubaaqudgha.
             Slain by a wyvern zombie (6 damage)
             ... on level 8 of the Dungeon on July 17, 2021.
             The game lasted 00:52:03 (10768 turns).

bobarctor the Thaumaturge (Deep Elf Necromancer)   Turns: 10768, Time: 00:52:04

Health: -2/47      AC:  6    Str:  4 (5)  XL:     9   Next: 36%
Magic:  32/33      EV: 12    Int: 23 (26) God:    Kikubaaqudgha [*.....]
Gold:   313        SH:  0    Dex: 10 (15) Spells: 10/32 levels left

rFire    x . .     SeeInvis .   m - +4 dagger "Widowmaker" {elec, rF- rN+ Int+2}
rCold    . . .     Faith    .   (no shield)
rNeg     + . .     Spirit   .   p - +0 animal skin
rPois    .         Reflect  .   d - +0 helmet
rElec    .         Harm     .   (no cloak)
rCorr    .         Rampage  .   r - +2 pair of gloves
Will     .....                  (no boots)
Stlth    ++........             n - amulet of magic regeneration
HPRegen  0.15/turn              b - ring of wizardry
MPRegen  0.48/turn              c - ring of magical power

@: about to teleport, very slightly contaminated
A: claws 1, deterioration 1, low mp 1
a: Renounce Religion, Receive Corpses


You were on level 8 of the Dungeon.
You worshipped Kikubaaqudgha.
Kikubaaqudgha was aware of your devotion.
You visited 2 branches of the dungeon, and saw 9 of its levels.

You collected 488 gold pieces.
You spent 175 gold pieces at shops.

Inventory:

Hand Weapons
 l - a +0 flail of draining
 m - the +4 dagger "Widowmaker" (weapon) {elec, rF- rN+ Int+2}
   (You bought it in a shop on level 5 of the Dungeon)

   It occasionally discharges a powerful burst of electricity upon striking a
   foe.
   Int:       It affects your intelligence (+2).
   rF:        It makes you vulnerable to fire.
   rN:        It protects you from negative energy.
 q - a +0 shortbow
 v - a +3 quarterstaff
 x - a +2 spear of flaming
 F - a +4 falchion
Missiles
 a - 4 boomerangs
 e - 63 arrows
 f - 354 stones (quivered)
 h - a curare-tipped dart
 j - 2 throwing nets
 t - 27 bolts
 w - 8 poisoned darts
Armour
 d - a +0 helmet (worn)
 p - a +0 animal skin (worn)
 r - a +2 pair of gloves (worn)
 y - a +2 leather armour of fire resistance
Jewellery
 b - a ring of wizardry (left hand)
 c - a ring of magical power (right hand)
 n - an amulet of magic regeneration (around neck)
 C - a +4 ring of evasion
 D - a ring of willpower
 H - a ring of resist corrosion
Scrolls
 z - a scroll of teleportation
Potions
 g - a potion of cancellation {unknown}
 i - 2 potions of magic
 k - a potion of curing {unknown}
 o - 3 potions of heal wounds {unknown}
 s - 2 potions of flight
 u - 2 potions of might {unknown}
 B - a potion of ambrosia {unknown}


   Skills:
 + Level 1.4 Fighting
 + Level 3.6 Dodging
 + Level 4.6 Stealth
 * Level 12.1 Spellcasting
 * Level 10.1 Necromancy
 + Level 1.0 Translocations
 + Level 0.9 Earth Magic


You had 10 spell levels left.
You knew the following spells:

 Your Spells              Type           Power      Damage    Failure   Level
a - Pain                  Necr           100%       1d9       1%          1
b - Animate Skeleton      Necr           100%       N/A       1%          1
c - Vampiric Draining     Necr           28%        2d10      1%          3
d - Sandblast             Erth           36%        2d10      1%          1
e - Animate Dead          Necr           28%        N/A       1%          4
f - Passwall              Tmut/Erth      13%        N/A       2%          2
g - Teleport Other        Tloc           18%        N/A       3%          3
h - Agony                 Necr           57%        N/A       1%          5
i - Sublimation of Blood  Necr           28%        N/A       1%          2

Your spell library contained the following spells:

 Spells                   Type           Power      Damage    Failure   Level
 Apportation              Tloc           36%        N/A       1%          1
 Corpse Rot               Necr/Air       N/A        N/A       1%          2
 Gell's Gravitas          Tloc           9%         N/A       3%          3
 Lesser Beckoning         Tloc           9%         N/A       3%          3
 Lee's Rapid Deconstruct  Erth           9%         3d8*      32%         5
 Alistair's Intoxication  Tmut/Pois      9%         N/A       43%         5
 Invisibility             Hex            7%         N/A       93%         6


Dungeon Overview and Level Annotations

Branches:
Dungeon (8/15)             Temple (1/1) D:6
   Lair: D:8-11

Altars:
Ashenzari
Cheibriados
Dithmenos
Elyvilon
Fedhas
Hepliaklqana
Kikubaaqudgha
Nemelex Xobeh
Okawaru
Ru
Sif Muna
Trog
Uskayaw
Wu Jian
Zin

Shops:
D:5 (!=!   D:7 =

Annotations:
D:4 bande's ghost, amateur GrFi


Innate Abilities, Weirdness & Mutations

You have sharp fingernails.
Your body sometimes deteriorates upon taking damage.
Your magical capacity is low. (-10% MP)


Message History

The wyvern zombie is lightly damaged.
The wyvern zombie bites you but does no damage.
You hit the wyvern zombie.
The wyvern zombie is lightly damaged.
The wyvern zombie bites you. The wyvern zombie bites you!
Your body deteriorates!
You feel weakened.
Casting: Vampiric Draining (safe; 1% risk of failure)
Confirm with . or Enter, or press ? or * to list all spells.
Aiming: Teleport Other (dangerous; 3% risk of failure)
Press: ? - help, Shift-Dir - straight line, f - wyvern zombie
Aim: a wyvern zombie (lightly damaged, chance to affect: 71%)
You miscast Teleport Other.
You are very lightly contaminated with residual magic.
Nothing appears to happen.
The wyvern zombie bites you but does no damage.
Casting: Teleport Other (dangerous; 3% risk of failure)
Confirm with . or Enter, or press ? or * to list all spells.
Aiming: Teleport Other (dangerous; 3% risk of failure)
Press: ? - help, Shift-Dir - straight line, f/p - wyvern zombie
Aim: a wyvern zombie (lightly damaged, chance to affect: 71%)
The wyvern zombie struggles to resist.
The wyvern zombie bites you.
Casting: Teleport Other (dangerous; 3% risk of failure)
Confirm with . or Enter, or press ? or * to list all spells.
Aiming: Teleport Other (dangerous; 3% risk of failure)
Press: ? - help, Shift-Dir - straight line, f/p - wyvern zombie
Aim: a wyvern zombie (lightly damaged, chance to affect: 71%)
You miscast Teleport Other.
Nothing appears to happen.
The wyvern zombie bites you!
* * * LOW HITPOINT WARNING * * *
Your body deteriorates!
You feel dopey. The wyvern zombie barely misses you.
The wyvern zombie closely misses you.
The wyvern zombie bites you but does no damage.
The wyvern zombie bites you!
* * * LOW HITPOINT WARNING * * *
Your body deteriorates!
You feel dopey.
As you read the scroll of teleportation, it crumbles to dust.
You feel strangely unstable. The wyvern zombie bites you.
You die...
Kikubaaqudgha rasps: "You have failed me!
Welcome... death!"

#.# #PP♣♣PP≈PP≈♣.P
#.# #≈P♣≈≈.≈#≈≈≈PP
#.# #≈≈≈≈P#.#≈≈≈≈P
#.# #PP≈.##.##≈≈♣P
#.# #P♣≈P##...PP≈P
#.# #P≈≈.####.PP≈P
#.# #P≈≈P# #.#P.≈
#Z###.PP#####.##P.
#@##........... .#
#.##.########## ##
#.#.)# #.#)##
#.).# #####


You could see a wyvern zombie.

Vanquished Creatures
  A two-headed ogre (D:5)
  Eustachio (D:4)
  Duvessa (D:7)
  A black bear (D:5)
  An ice beast (D:6)
  A sky beast (D:7)
  An ogre (D:4)
  A centaur (D:7)
  4 bullfrogs
  A gnoll sergeant (D:7)
  2 kobold brigands
  A scorpion (D:6)
  Dowan (D:7)
  A vampire bat (D:4)
  2 howler monkeys (D:8)
  2 jellies
  A gnoll shaman (D:8)
  4 hounds
  An orc priest (D:8)
  Jessica (D:2)
  3 iguanas
  An orc wizard (D:8)
  Robin (D:2)
  A howler monkey zombie (D:8)
  3 adders
  4 gnolls (D:8)
  A white imp (D:7)
  2 ufetubi
  An adder skeleton (D:4)
  2 worms
  3 dart slugs
  18 orcs
  10 ball pythons
  6 bats
  4 bat skeletons (D:4)
  A bat zombie (D:4)
  9 endoplasms
  5 giant cockroaches
  17 goblins
  7 hobgoblins
  3 jackals (D:3)
  6 quokkas
  6 frilled lizards
  19 kobolds
  4 rats
166 creatures vanquished.

Vanquished Creatures (others)
  A wizard (D:3)
1 creature vanquished.

Grand Total: 167 creatures vanquished

Notes
Turn   | Place    | Note
-------+----------+-------------------------------------------
     0 | D:1      | bobarctor the Deep Elf Necromancer began the quest for the
                  | Orb.
     0 | D:1      | Reached XP level 1. HP: 10/10 MP: 6/6
   103 | D:1      | Found a faded altar of an unknown god.
   112 | D:1      | Learned a level 1 spell: Animate Skeleton
   345 | D:1      | Reached skill level 5 in Necromancy
   430 | D:1      | Reached XP level 2. HP: 8/15 MP: 2/8
  1456 | D:2      | Reached XP level 3. HP: 15/19 MP: 5/10
  1638 | D:1      | Learned a level 3 spell: Vampiric Draining
  1906 | D:2      | Noticed Robin
  1910 | D:2      | Killed Robin
  1911 | D:2      | Reached skill level 4 in Spellcasting
  2004 | D:2      | Learned a level 1 spell: Sandblast
  2437 | D:2      | Reached XP level 4. HP: 23/24 MP: 10/12
  2746 | D:2      | Noticed Jessica
  2753 | D:2      | Learned a level 4 spell: Animate Dead
  2756 | D:2      | Learned a level 2 spell: Passwall
  2817 | D:2      | Killed Jessica
  2818 | D:2      | Reached skill level 5 in Spellcasting
  3309 | D:3      | Reached XP level 5. HP: 27/28 MP: 6/14
  4021 | D:3      | Found a bloodstained altar of Trog.
  4022 | D:3      | Noticed a wizard
  4027 | D:3      | Killed a wizard
  4178 | D:3      | Upgraded the game from 0.27-a0-1557-g57f10a385c to
                  | 0.27-a0-1579-g97d2440184
  4268 | D:4      | Noticed a shadow
  4269 | D:4      | Found a shadowy altar of Dithmenos.
  4270 | D:4      | Found a hazy altar of Hepliaklqana.
  4410 | D:4      | Noticed Eustachio
  4419 | D:4      | Killed Eustachio
  4420 | D:4      | Reached skill level 6 in Spellcasting
  4420 | D:4      | Reached XP level 6. HP: 32/32 MP: 6/17
  4689 | D:4      | Found an ancient bone altar of Kikubaaqudgha.
  4705 | D:4      | Reached skill level 7 in Spellcasting
  4712 | D:4      | Became a worshipper of Kikubaaqudgha
  4966 | D:4      | Found a runed translucent door.
  4966 | D:4      | Noticed bande's ghost (amateur GrFi)
  5024 | D:4      | Found a hide-covered altar of Uskayaw.
  5319 | D:5      | Entered Level 5 of the Dungeon
  5325 | D:5      | Found an ornate altar of the Wu Jian Council.
  5388 | D:5      | Reached XP level 7. HP: 28/36 MP: 20/20
  5505 | D:5      | Learned a level 3 spell: Teleport Other
  5505 | D:5      | Found Wass's Distillery.
  5554 | D:5      | Gained mutation: Your body sometimes deteriorates upon
                  | taking damage. [potion of mutation]
  5554 | D:5      | Gained mutation: Your magical capacity is low. (-10% MP)
                  | [potion of mutation]
  5554 | D:5      | Gained mutation: You have sharp fingernails. [potion of
                  | mutation]
  5769 | D:5      | Noticed a two-headed ogre
  5901 | D:5      | Reached skill level 8 in Spellcasting
  6105 | D:4      | Learned a level 5 spell: Agony
  6116 | D:5      | Killed a two-headed ogre
  6117 | D:5      | Reached skill level 1 in Fighting
  6117 | D:5      | Reached skill level 9 in Spellcasting
  6117 | D:5      | Reached XP level 8. HP: 24/43 MP: 11/21
  6322 | D:5      | Found Bynyga's Antique Weapon Emporium.
  6327 | D:5      | Bought a masterwork dagger for 175 gold pieces
  6327 | D:5      | Identified the +4 dagger "Widowmaker" {elec, rF- rN+ Int+2}
                  | (You bought it in a shop on level 5 of the Dungeon)
  6429 | D:5      | Found a glowing silver altar of Zin.
  6571 | D:5      | Found Hammies's Jewellery Boutique.
  6587 | D:5      | Found Xulunusk's Distillery.
  6934 | D:5      | Found an iron altar of Okawaru.
  6934 | D:5      | Found a sacrificial altar of Ru.
  7029 | D:6      | Found a staircase to the Ecumenical Temple.
  7051 | Temple   | Entered the Ecumenical Temple
  7091 | D:6      | Reached skill level 10 in Spellcasting
  7152 | D:6      | Reached skill level 1 in Translocations
  7293 | D:6      | Found a snail-covered altar of Cheibriados.
  7490 | D:6      | Reached * piety under Kikubaaqudgha
  7490 | D:6      | Received a gift from Kikubaaqudgha
  7510 | D:6      | Learned a level 2 spell: Sublimation of Blood
  7576 | D:6      | Found a blossoming altar of Fedhas.
  7585 | D:6      | Reached skill level 11 in Spellcasting
  8695 | D:7      | Noticed Duvessa
  8695 | D:7      | Noticed Dowan
  9233 | D:7      | Found Jeofy's Jewellery Shoppe.
  9328 | D:7      | Reached XP level 9. HP: 28/47 MP: 23/23
  9658 | D:7      | Killed Duvessa
  9662 | D:7      | Killed Dowan
 10177 | D:8      | Reached skill level 12 in Spellcasting
 10250 | D:8      | Reached skill level 10 in Necromancy
 10768 | D:8      | Slain by a wyvern zombie

Illustrated notes

Levels and vault maps discovered:
D:1:      evilmike_arrival_rings, layout_rooms, basic_ecumenical_altar,
          grunt_decor_clamped, minmay_pentomino_w4
D:2:      layout_basic, minmay_close_crescents, uniq_jessica, uniq_robin
D:3:      layout_rooms, trog_wizard
D:4:      layout_loops_ring, riverfiend_overflow_shadow_ancestor,
          general_overflow_altar, kennysheep_vampire_church,
          hellmonk_ghost_happy_afterlife, uniq_eustachio
D:5:      layout_loops_ring, lemuel_doored_altar,
          gammafunk_temple_overflow_pools, mainiacjoe_overflow_alcove_2,
          serial_shops, nicolae_take_the_stairs, nicolae_shop_waterfront,
          nicolae_shop_window_shopping, shop, grunt_decor_resistance,
          corexii_hall_statues_i
D:6:      layout_basic, old_standard_altar,
          mainiacjoe_overflow_concentric_impassable,
          minmay_temple_entry_junction
D:7:      minmay_evil_eye, layout_cave_pools, serial_shops,
          nicolae_stop_n_shop_1, serial_bayou_pond_e, uniq_duvessa
D:8:      layout_gridville, serial_shops, shop, serial_bayou,
          serial_bayou_crossing, serial_bayou_lagoon_a, serial_bayou_pond_d,
          serial_bayou_pond_c, serial_bayou_shore_b
Temple:   dpeg_three_leaves_temple

Skill      XL: |  1  2  3  4  5  6  7  8  9 |
---------------+----------------------------+-----
Necromancy     | 5 6 7 8 9 10 | 10.1
Spellcasting   | 4 5 6 7 9 11 12 | 12.1
Stealth        | 3 4 |  4.6
Dodging        | 3 |  3.6
Fighting       | 1 |  1.4
Translocations | 1 |  1.0
Earth Magic    | |  0.9

Action                   |  1- 3 |  4- 6 |  7- 9 || total
-------------------------+-------+-------+-------++-------
Melee: Quarterstaff      |       |    78 |    32 ||   110
       Dagger            |       |    15 |    96 ||   111
Throw: Stone             |     6 |       |     2 ||     8
 Cast: Pain              |    77 |    50 |    28 ||   155
       Vampiric Draining |       |    10 |    57 ||    67
       Teleport Other    |       |       |     4 ||     4
       Agony             |       |       |     3 ||     3
       Animate Skeleton  |       |       |     1 ||     1
       Sandblast         |       |       |     5 ||     5
       Animate Dead      |       |       |     1 ||     1
Invok: Receive Corpses   |       |       |     2 ||     2
  Use: Scroll            |       |       |    17 ||    17
       Potion            |       |       |     1 ||     1
 Stab: Sleeping          |       |     8 |     4 ||    12
Armor: Robe              |     2 |       |       ||     2
       Animal skin       |       |     7 |    39 ||    46
       Leather armour    |       |    31 |    20 ||    51
Dodge: Dodged            |    16 |    69 |   105 ||   190

Table legend: (Time is in decaauts)
 A = Elapsed time spent in this place.
 B = Non-inter-level travel time spent in this place.
 C = Inter-level travel time spent in this place.
 D = Time resting spent in this place.
 E = Time spent auto-exploring this place.
 F = Levels seen in this place.
 G = Mean time per level.
                   A        B        C        D        E       F      G
               +--------+--------+--------+--------+--------+-----+--------+
         Total |  10819 |  10075 |    744 |   2983 |   5224 |   9 | 1202.1 |
       Dungeon |  10800 |  10056 |    744 |   2983 |   5224 |   8 | 1350.0 |
        Temple |     18 |     18 |      0 |      0 |      0 |   1 |   18.0 |
               +--------+--------+--------+--------+--------+-----+--------+

Top non-repeatable levels by time:
     D:4: 1850 daAuts
     D:2: 1679 daAuts
     D:5: 1650 daAuts
     D:1: 1605 daAuts
     D:6: 1258 daAuts
     D:7: 979 daAuts
     D:3: 902 daAuts
     D:8: 874 daAuts
  Temple: 18 daAuts
